 Dungeon Crawl Stone Soup version 0.21-a0-221-gfe971b9 (webtiles) character file.

1038 Kidiri the Thaumaturge (level 8, -2/67 HPs)
             Began as a Deep Elf Fire Elementalist on Aug 24, 2017.
             Killed from afar by Sigmund (5 damage)
             ... with a puff of flame
             ... on level 4 of the Dungeon.
             The game lasted 00:21:50 (4365 turns).

Kidiri the Thaumaturge (Deep Elf Fire Elementalist) Turns: 4365, Time: 00:21:50

Health: -2/67      AC: 24    Str:  5    XL:     8   Next: 4%
Magic:  1/23       EV:  2    Int: 29    God:
Gold:   163        SH:  0    Dex: 15    Spells: 7/25 levels left

rFire    . . .     SeeInvis .   e - +1 short sword (venom)
rCold    . . .     Gourm    .   (no shield)
rNeg     + + +     Faith    .   (armour currently unavailable)
rPois    +         Spirit   .   (helmet currently unavailable)
rElec    .         Reflect  .   (cloak currently unavailable)
rCorr    .         Harm     .   (gloves currently unavailable)
MR       .....     NoTele   +   (boots currently unavailable)
Stlth    ++........             (no amulet)
HPRegen  0.21/turn              l - +6 ring of intelligence
MPRegen  0.18/turn              (no ring)

@: tree-form
A: mutation resistance 1, robust 1
a: no special abilities


You were on level 4 of the Dungeon.
You were not hungry.
You were a tree.
You visited 1 branch of the dungeon, and saw 5 of its levels.
You also visited: Ossuary.

You collected 163 gold pieces.

Inventory:

Hand Weapons
 e - a +1 short sword of venom (weapon)
Armour
 a - a +0 robe (melded)
 h - a +0 leather armour of poison resistance
 i - a +0 pair of boots (melded)
 k - a +0 pair of gloves (melded)
Jewellery
 l - a +6 ring of intelligence (left branch)
Wands
 g - a wand of lightning (1/15)
Scrolls
 j - 4 scrolls of remove curse
 m - a scroll of enchant armour {unknown}
 n - 2 scrolls of teleportation
 o - 2 scrolls of immolation
 q - 2 scrolls of random uselessness {unknown}
 v - a scroll of magic mapping
Potions
 d - 3 potions of might
 f - a potion of invisibility
 p - a potion of agility
 r - a potion of flight
 s - a potion of brilliance
 x - a potion of cancellation
Books
 b - a book of Flames

   Spells                             Type                      Level
   a - Flame Tongue                   Conjuration/Fire             1
   b - Throw Flame                    Conjuration/Fire             2
   c - Conjure Flame                  Conjuration/Fire             3
   d - Inner Flame                    Hexes/Fire                   3
   e - Sticky Flame                   Conjuration/Fire             4
   f - Fireball                       Conjuration/Fire             5
Comestibles
 c - 4 bread rations
 t - a royal jelly
 w - 7 chunks of flesh


   Skills:
 - Level 2.4 Dodging
 - Level 2.4 Stealth
 * Level 9.3 Spellcasting
 + Level 5.1 Conjurations
 + Level 5.9 Fire Magic


You had 7 spell levels left.
You knew the following spells:

 Your Spells              Type           Power        Failure   Level  Hunger
a - Flame Tongue          Conj/Fire      #####        1%          1    None
b - Throw Flame           Conj/Fire      #####.       1%          2    None
c - Conjure Flame         Conj/Fire      #####...     1%          3    None
d - Inner Flame           Hex/Fire       ####....     3%          3    None
e - Sticky Flame          Conj/Fire      #####...     4%          4    None
f - Fireball              Conj/Fire      #####.....   12%         5    ####...


Dungeon Overview and Level Annotations

Branches:
Dungeon (5/15)             Temple (0/1) D:4

Altars:
Elyvilon
Hepliaklqana
Wu Jian
Xom

Annotations:
D:4 Sigmund


Innate Abilities, Weirdness & Mutations

You are somewhat resistant to further mutation.
You are robust. (+10% HP)


Message History

Unknown command.
Unknown command.
Evoke which item? (* to show all) (? for menu, Esc to quit)
Aiming: Lightning Bolt (will waste charges)
Press: ? - help, Shift-Dir - straight line You hear a mighty clap of thunder!
The bolt of lightning hits Sigmund.
Sigmund is severely wounded.
Evoking this partially-identified wand wasted a few charges.
You hear a shout!
Unknown command.
Evoke which item? (* to show all) (? for menu, Esc to quit)
Aiming: Lightning Bolt (will waste charges)
Press: ? - help, Shift-Dir - straight line You hear a mighty clap of thunder!
The bolt of lightning misses Sigmund.
Evoking this partially-identified wand wasted a few charges.
Sigmund casts a spell at you. The puff of flame hits you!
You die...

.........###......############...
...............#### #...
.......(.....#....## #...
...........#..###..# #...
...........#...###.###########...
...........#.#.........).....#...
...............###.#########.####
.....<....#....###..########.#
.........##...).♣@...#.......#
###########..#####.......#####
#.## ####..#.####### #.#
#####............## #.#
#.....###.######... #(###.#####
#.# #### #######.##..# #.### ##
#...#......## ##...######.
#...#.....########...........


You could see Sigmund.

Vanquished Creatures
  Pikel (D:5)
  Menkaure (Ossuary)
  3 slaves (D:5)
  An ogre (D:4)
  Blork the orc (D:5)
  A bullfrog (D:3)
  A crimson imp (D:5)
  A hound (D:4)
  3 worker ants
  2 mummies (Ossuary)
  6 adders
  A howler monkey skeleton (D:5)
  A shadow imp (D:4)
  An ooze (D:2)
  3 worms
  3 leopard geckos
  4 orcs
  4 giant cockroaches
  2 gnoll zombies (Ossuary)
  5 goblins
  11 hobgoblins
  7 jackals (D:3)
  6 kobolds
  4 quokkas
  2 ball pythons
  5 bats
  3 frilled lizards
  2 gnoll skeletons (Ossuary)
  2 goblin skeletons (Ossuary)
  A goblin zombie (Ossuary)
  A hobgoblin skeleton (Ossuary)
  3 kobold skeletons (Ossuary)
  A kobold zombie (Ossuary)
  4 orc skeletons (Ossuary)
  An orc zombie (Ossuary)
  A quokka skeleton (D:4)
  5 rats
  A rat skeleton (Ossuary)
  A rat zombie (Ossuary)
106 creatures vanquished.

Vanquished Creatures (others)
  A mummy (Ossuary)
  A jackal (D:5)
  A gnoll skeleton (Ossuary)
  3 gnoll zombies (Ossuary)
  4 goblin skeletons (Ossuary)
  2 goblin zombies (Ossuary)
  4 hobgoblin skeletons (Ossuary)
  3 hobgoblin zombies (Ossuary)
  2 kobold skeletons (Ossuary)
  A kobold zombie (Ossuary)
  An orc skeleton (Ossuary)
  2 orc zombies (Ossuary)
  8 rat zombies (Ossuary)
33 creatures vanquished.

Grand Total: 139 creatures vanquished

Notes
Turn   | Place    | Note
-------+----------+-------------------------------------------
     0 | D:1      | Kidiri the Deep Elf Fire Elementalist began the quest for the Orb.
     0 | D:1      | Reached XP level 1. HP: 10/10 MP: 6/6
   455 | D:1      | Reached XP level 2. HP: 11/15 MP: 6/8
   530 | D:1      | Learned a level 2 spell: Throw Flame
   739 | D:1      | Reached skill level 4 in Spellcasting
  1245 | D:2      | Reached XP level 3. HP: 19/19 MP: 10/10
  1253 | D:2      | Learned a level 3 spell: Conjure Flame
  1257 | D:2      | Learned a level 3 spell: Inner Flame
  1777 | D:2      | You fall through a shaft!
  1833 | D:3      | Found a faded altar of an unknown god.
  1856 | D:3      | Reached XP level 4. HP: 24/24 MP: 2/12
  1936 | D:3      | Noticed a bullfrog
  1941 | D:3      | Killed a bullfrog
  1941 | D:3      | Reached skill level 5 in Spellcasting
  1953 | D:3      | Reached XP level 5. HP: 12/28 MP: 0/15
  1961 | D:3      | Learned a level 4 spell: Sticky Flame
  2356 | D:3      | Gained mutation: Your flesh is heat resistant. (rF+) [potion of mutation]
  2356 | D:3      | Gained mutation: Your spells are a little easier to cast, but a little less powerful. [potion of mutation]
  2356 | D:3      | Gained mutation: You passively map a small area around you. [potion of mutation]
  2447 | D:3      | Found a white marble altar of Elyvilon.
  2892 | D:4      | Reached skill level 6 in Spellcasting
  3039 | D:4      | Found a shimmering altar of Xom.
  3096 | D:4      | Reached XP level 6. HP: 26/32 MP: 11/17
  3103 | D:4      | Learned a level 5 spell: Fireball
  3153 | D:4      | Found a staircase to the Ecumenical Temple.
  3242 | D:4      | Found a sand-covered staircase.
  3253 | Ossuary  | Entered an ossuary
  3713 | Ossuary  | Noticed Menkaure
  3719 | Ossuary  | Killed Menkaure
  3758 | Ossuary  | Lost mutation: Your spells are a little easier to cast, but a little less powerful. [potion of mutation]
  3758 | Ossuary  | Lost mutation: Your flesh is heat resistant. (rF+) [potion of mutation]
  3758 | Ossuary  | Gained mutation: Your magical capacity is low. (-10% MP) [potion of mutation]
  3758 | Ossuary  | Gained mutation: You are partially covered in large bone plates. (SH +4) [potion of mutation]
  3759 | Ossuary  | Lost mutation: Your magical capacity is low. (-10% MP) [potion of mutation]
  3759 | Ossuary  | Lost mutation: You are partially covered in large bone plates. (SH +4) [potion of mutation]
  3759 | Ossuary  | Lost mutation: You passively map a small area around you. [potion of mutation]
  3759 | Ossuary  | Gained mutation: Your mind is acute. (Int +2) [potion of mutation]
  3759 | Ossuary  | Lost mutation: Your mind is acute. (Int +2) [potion of mutation]
  3759 | Ossuary  | Gained mutation: You are robust. (+10% HP) [potion of mutation]
  3759 | Ossuary  | Gained mutation: You are somewhat resistant to further mutation. [potion of mutation]
  3857 | D:4      | Reached skill level 7 in Spellcasting
  3985 | D:5      | Entered Level 5 of the Dungeon
  4055 | D:5      | Reached skill level 5 in Fire Magic
  4113 | D:5      | Reached XP level 7. HP: 39/39 MP: 15/20
  4126 | D:5      | Found a hazy altar of Hepliaklqana.
  4127 | D:5      | Found an ornate altar of the Wu Jian Council.
  4164 | D:5      | Noticed Blork the orc
  4171 | D:5      | Killed Blork the orc
  4304 | D:5      | Noticed Pikel
  4333 | D:5      | Noticed Sigmund
  4333 | D:5      | Killed Pikel
  4333 | D:5      | Reached skill level 9 in Spellcasting
  4333 | D:5      | Reached skill level 5 in Conjurations
  4333 | D:5      | Reached XP level 8. HP: 17/45 MP: 0/23
  4356 | D:4      | HP: 1/45 [something (5)]
  4365 | D:4      | Killed from afar by Sigmund

Vault maps used:
D:1:      minmay_arrival_widening_spiral_wide
D:3:      overflow_temple_1_default, chequers_ecumenical_altar_island
D:4:      minmay_temple_entry_fiery, first_bread,
          nicolae_ossuary_entry_monument, brannock_xom_greatest_gift
D:5:      gammafunk_temple_overflow_statue, uniq_blork_the_orc, uniq_sigmund,
          uniq_crazy_yiuf_cottage, uniq_pikel
Ossuary:  ossuary_due_pyramid

Skill      XL: |  1  2  3  4  5  6  7 |
---------------+----------------------+-----
Spellcasting   | 4 5 6 7 9 |  9.3
Conjurations   | 2 3 4 5 |  5.1
Fire Magic     | 4 5 |  5.9
Dodging        | |  2.4
Stealth        | |  2.4

Action                   |  1- 3 |  4- 6 |  7- 9 || total
-------------------------+-------+-------+-------++-------
Melee: Short sword       |    40 |    44 |    11 ||    95
       Unarmed           |     4 |       |       ||     4
 Cast: Flame Tongue      |    32 |    65 |    19 ||   116
       Throw Flame       |     6 |    19 |       ||    25
       Sticky Flame      |       |     4 |     2 ||     6
       Conjure Flame     |       |     3 |     2 ||     5
       Inner Flame       |       |       |     2 ||     2
Evoke: Wand              |       |       |     2 ||     2
  Use: Scroll            |     3 |     9 |     2 ||    14
       Potion            |       |     3 |     3 ||     6
 Stab: Sleeping          |     2 |     2 |     3 ||     7
  Eat: Chunk             |     3 |     3 |     1 ||     7
       Royal jelly       |       |     2 |       ||     2
Armor: Robe              |    10 |    13 |     2 ||    25
       Skin              |       |       |     6 ||     6
Dodge: Dodged            |    49 |    29 |    13 ||    91

Table legend:
 A = Spawn XP
 B = Non-spawn XP
 C = Spawn XP percentage of total XP
 D = Spawn monster count
 E = Non-spawn monster count
 F = Spawn count percentage of total count
 G = Total turns spent on level
                    A         B        C        D         E        F      G
               +---------+---------+-------+---------+---------+-------+---------
         Total |     180 |    1303 |  12.1 |      12 |      83 |  12.6 |  4365
               +---------+---------+-------+---------+---------+-------+---------
           D:1 |      11 |      25 |  30.6 |       6 |      17 |  26.1 |  1115
           D:2 |       0 |      32 |   0.0 |       0 |       8 |   0.0 |   750
           D:3 |       5 |     153 |   3.2 |       2 |      24 |   7.7 |  1005
           D:4 |     128 |     169 |  43.1 |       3 |      11 |  21.4 |   622
           D:5 |      36 |     809 |   4.3 |       1 |       9 |  10.0 |   362
       Ossuary |       0 |     115 |   0.0 |       0 |      14 |   0.0 |   511
               +---------+---------+-------+---------+---------+-------+---------
